 Dungeon Crawl Stone Soup version 0.27.1 (webtiles) character file.

Game seed: 8426889810661665951

46 MajorAdolf the Skirmisher (level 3, -10/38 HPs)
             Began as a Naga Wanderer on Aug 23, 2021.
             Splashed by Ijyb's acid (19 damage)
             ... on level 3 of the Dungeon.
             The game lasted 00:01:47 (1933 turns).

MajorAdolf the Skirmisher (Naga Wanderer)           Turns: 1933, Time: 00:01:48

Health: -10/38     AC:  5    Str: 14    XL:     3   Next: 66%
Magic:  3/3        EV:  4    Int: 12    God:
Gold:   93         SH:  0    Dex: 11    Spells: 2/2 levels left

rFire    . . .     SeeInvis +   a - +2 quarterstaff
rCold    . . .     Faith    .   (shield currently unavailable)
rNeg     . . .     Spirit   .   l - +0 chain mail
rPois    +         Reflect  .   (no helmet)
rElec    .         Harm     .   (no cloak)
rCorr    .         Rampage  .   (no gloves)
Will     .....                  (no barding)
Stlth    ..........             (no amulet)
HPRegen  0.12/turn              o - +4 ring of protection
MPRegen  0.08/turn              (no ring)

@: corroded, very slow
A: AC +1, large, see invisible, deformed body, poison resistance, slowness 2,
spit poison 1, naga tail 1
a: Spit Poison


You were on level 3 of the Dungeon.
You visited 1 branch of the dungeon, and saw 3 of its levels.

You collected 93 gold pieces.

Inventory:

Hand Weapons
 a - a +2 quarterstaff (weapon)
 b - a +0 hand axe
 c - a +0 hand crossbow
 i - a +3 vampiric hand axe
Missiles
 d - 27 bolts
Armour
 e - a +0 robe
 l - a +0 chain mail (worn)
Jewellery
 o - a +4 ring of protection (left hand)
Scrolls
 j - a scroll of enchant armour {unknown}
Potions
 f - a potion of degeneration {unknown}
 g - 2 potions of ambrosia {unknown}
 h - a potion of lignification {unknown}
 k - a potion of might {unknown}
 m - 2 potions of resistance {unknown}
 n - a potion of flight {unknown}


   Skills:
 - Level 4.9 Fighting
 - Level 1.0 Staves
 - Level 1.7 Crossbows
 - Level 1.0 Throwing
 - Level 1.0 Dodging
 - Level 1.5 Stealth
 + Level 0.7 Conjurations
 + Level 0.6 Fire Magic
 + Level 0.6 Earth Magic


You had 2 spell levels left.
You didn't know any spells.
Your spell library contained the following spells:

 Spells                   Type           Power      Damage    Failure   Level
 Leda's Liquefaction      Hex/Erth       0%         N/A       100%        4
 Bolt of Magma            Conj/Fire/Erth 0%         4d4       100%        5
 Statue Form              Tmut/Erth      0%         N/A       100%        6


Dungeon Overview and Level Annotations

Branches:
Dungeon (3/15)

Altars:

Annotations:
D:3 Ijyb


Innate Abilities, Weirdness & Mutations

Your serpentine skin is tough. (AC +1)
You have supernaturally acute eyesight. (SInv)
Armour fits poorly on your strangely shaped body.
Your system is resistant to poisons. (rPois)
You cover ground very slowly.
You can spit poison.
You have a snake-like lower body.


Message History

Found 3 gold pieces.
You now have 93 gold pieces (gained 3).
A hobgoblin comes into view.
The hobgoblin shouts!
The hobgoblin hits you but does no damage.
You barely miss the hobgoblin. The hobgoblin hits you.
You completely miss the hobgoblin.
The hobgoblin hits you but does no damage.
You closely miss the hobgoblin.
The hobgoblin hits you but does no damage.
You barely miss the hobgoblin.
The hobgoblin hits you but does no damage. x2
You sock the hobgoblin!
You kill the hobgoblin!
No target in view!
HP restored.
There is an open door here.
You see here an adder skeleton.
There is a stone staircase leading up here.
You climb upwards.
There is a stone staircase leading down here.
There is a stone staircase leading down here.
You climb downwards.
There is a stone staircase leading up here.
Unknown command.
A rat comes into view.
Found a robe.
A rat is nearby!
Ijyb the Twisted Goblin comes into view.
She is wielding a +0 dagger, wearing a +2 leather armour of willpower and carrying a wand of acid (12).
Ijyb shouts!
You sock the rat!
You kill the rat!
Ijyb zaps a wand.
The bolt of acid hits you!
You are splashed with acid!
You are too injured to fight recklessly!
Unknown command.
Ijyb zaps a wand.
The bolt of acid hits you!
* * * LOW HITPOINT WARNING * * *
The acid corrodes you!
You are splashed with acid!!
Ouch! That really hurt!
You die...

.# .#
#####g###...
#...........
#g###.#[....
#.#<#.# ...
#.#.#.# .
#.#.#.#
#@#.#.#
#...#.#
#####.#


You could see Ijyb.

Vanquished Creatures
  2 adders
  A worm (D:2)
  An endoplasm (D:1)
  3 goblins (D:1)
  6 hobgoblins
  2 quokkas
  3 ball pythons (D:1)
  2 frilled lizards
  3 kobolds
  2 rats
25 creatures vanquished.

Notes
Turn   | Place    | Note
-------+----------+-------------------------------------------
     0 | D:1      | MajorAdolf the Naga Wanderer began the quest for the Orb.
     0 | D:1      | MajorAdolf set off with the following items: a +2
                  | quarterstaff, a +0 hand axe, a +0 hand crossbow, 27 bolts,
                  | a +0 robe
     0 | D:1      | Reached XP level 1. HP: 22/22 MP: 1/1
   311 | D:1      | Reached XP level 2. HP: 31/31 MP: 2/2
   592 | D:1      | Found a faded altar of an unknown god.
   839 | D:2      | Reached XP level 3. HP: 28/38 MP: 3/3
  1925 | D:3      | Noticed Ijyb
  1933 | D:3      | Splashed by Ijyb's acid

Illustrated notes

Levels and vault maps discovered:
D:1:      dpeg_arrival_arbitrary_b, layout_loops_ring,
          shapermc_ecumenical_altar_notcrosses
D:2:      layout_basic
D:3:      layout_basic, uniq_ijyb

Action                   || total
-------------------------++-------
Melee: Quarterstaff      ||    54
 Abil: Spit Poison       ||     6
 Stab: Sleeping          ||     5
Armor: Robe              ||     1
       Chain mail        ||    12
Dodge: Dodged            ||    21
